 Dungeon Crawl Stone Soup version 0.30.1-4-g462c640d31 (webtiles) character file.

Game seed: 11123920729483264156

2920 FishyPogo the Chopper (level 9, -5/56 HPs)
             Began as a Gargoyle Fighter on Sept 13, 2023.
             Was an Initiate of Trog.
             Slain by a two-headed ogre
             ... wielding a +0 giant club
              (14 damage)
             ... on level 8 of the Dungeon.
             The game lasted 00:13:29 (6049 turns).

FishyPogo the Chopper (Gargoyle Fighter)            Turns: 6049, Time: 00:13:30

Health: -5/56      AC: 21    Str: 24    XL:     9   Next: 79%
Magic:  9/9        EV: 15    Int:  9    God:    Trog [......]
Gold:   226        SH:  0    Dex:  9    Spells: 8/8 levels left

rFire   . . .        a - +1 battleaxe (freeze)
rCold   . . .        (shield currently unavailable)
rNeg    + + .        b - +0 scale mail
rPois   ∞            S - +1 helmet
rElec   +            l - +1 cloak
rCorr   .            t - +0 pair of gloves
SInv    .            I - +0 pair of boots
Will    +++..        J - amulet of the Four Winds {rN+ Will+++ Clar} Stlth
                     e - +4 ring of slaying
HPRegen 0.29/turn    F - +5 ring of evasion
MPRegen 0.11/turn

%: clarity
@: no status effects
A: sickness immunity, AC +6, negative energy resistance 1, electricity
resistance, torment resistance 1, petrification resistance
a: Renounce Religion


You were on level 8 of the Dungeon.
You worshipped Trog.
Trog was noncommittal.
You visited 2 branches of the dungeon, and saw 9 of its levels.

You collected 226 gold pieces.

Inventory:

Hand Weapons
 a - a +1 battleaxe of freezing (weapon)
 v - a +1 hand axe of freezing
Missiles
 g - 28 stones (quivered)
 E - 3 boomerangs
 R - 3 poisoned darts
Armour
 b - a +0 scale mail (worn)
 c - a +0 buckler
 l - a +1 cloak (worn)
 t - a +0 pair of gloves (worn)
 I - a +0 pair of boots (worn)
 S - a +1 helmet (worn)
Jewellery
 e - a +4 ring of slaying (left hand)
 o - a +4 ring of protection
 w - a +4 ring of protection
 z - a ring of fire
 F - a +5 ring of evasion (right hand)
 J - the amulet of the Four Winds (around neck) {rN+ Will+++ Clar}
   (You found it on level 4 of the Dungeon)

   [amulet of nothing]

   rN:        It protects you from negative energy.
   Clar:      It protects you from confusion, rage, mesmerisation and fear.
   Will:      It greatly increases your willpower.
Scrolls
 h - 2 scrolls of poison
 j - a scroll of amnesia {unknown}
 r - a scroll of brand weapon {unknown}
 s - a scroll of vulnerability {unknown}
 u - a scroll of magic mapping {unknown}
 x - a scroll of torment {unknown}
 y - 2 scrolls of immolation {unknown}
 A - 2 scrolls of fog {unknown}
 C - a scroll of fear {unknown}
 H - 2 scrolls of teleportation
 K - a scroll of acquirement {unknown}
 L - 2 scrolls of identify
 M - a scroll of noise {unknown}
 P - a scroll of blinking {unknown}
Potions
 d - 3 potions of might
 f - 2 potions of flight {unknown}
 i - 3 potions of mutation {unknown}
 k - 2 potions of heal wounds {unknown}
 m - 3 potions of ambrosia
 n - a potion of brilliance {unknown}
 p - 2 potions of attraction {unknown}
 q - 5 potions of curing
 B - a potion of lignification {unknown}
 D - a potion of cancellation {unknown}
 G - a potion of haste {unknown}
 Q - 2 potions of degeneration {unknown}
Miscellaneous
 N - a phial of floods
 O - a piece from Xom's chessboard (15/15)


   Skills:
 + Level 6.5 Fighting
 * Level 7.0 Axes
 + Level 4.4 Throwing
 + Level 6.5 Armour
 - Level 6.1 Shields
 + Level 3.6 Evocations


You had 8 spell levels left.
You didn't know any spells.
Your spell library contained the following spells:

 Spells                   Type           Power      Damage    Failure   Level
 Vhi's Electric Charge    Tloc/Air       0%         N/A       95%         3
 Arcjolt                  Conj/Air       0%         1d10      100%        5
 Summon Forest            Summ/Tloc      0%         N/A       100%        5
 Summon Mana Viper        Hex/Summ       0%         N/A       100%        5
 Plasma Beam              Fire/Air       0%         2x1d11    100%        6
 Summon Cactus Giant      Summ           0%         N/A       100%        6


Dungeon Overview and Level Annotations

Branches:
Dungeon (8/15)             Temple (1/1) D:7
   Lair: D:8-11

Altars:
Dithmenos
Gozag
Hepliaklqana
Makhleb
Nemelex Xobeh
Okawaru
Qazlal
Ru
Sif Muna
Trog
Vehumet
Zin
The Shining One

Shops:
D:5 *

Annotations:
D:4 2 runed translucent doors
D:7 2 transporters


Innate Abilities, Weirdness & Mutations

You are immune to sickness and miasma.
Your stone body is resilient. (AC +6)
You are immune to poison.
You resist negative energy. (rN+)
You are resistant to electric shocks. (rElec)
You are resistant to unholy torment.
You are immune to petrification.


Message History

You slash the orc! You freeze the orc.
You kill the orc!
Trog accepts your kill. The orc closely misses you.
You see here a +0 club.
You slice the orc!! You freeze the orc.
You kill the orc!
Trog accepts your kill.
You completely miss the orc wizard. The orc wizard casts a spell at you.
The puff of flame misses you.
The orc wizard hits you but does no damage.
You barely miss the two-headed ogre.
You hit the orc wizard but do no damage.
The orc wizard casts a spell at you.
The magic dart hits you but does no damage.
The two-headed ogre barely misses you. The two-headed ogre misses you.
You barely miss the two-headed ogre. You closely miss the orc wizard.
The orc wizard misses you.
The two-headed ogre hits you with a +0 giant club!
The two-headed ogre misses you.
You closely miss the orc wizard. You slice the two-headed ogre!!
You freeze the two-headed ogre. The orc wizard barely misses you.
The orc wizard hits you but does no damage.
The two-headed ogre hits you with a +0 giant club! x2
* * * LOW HITPOINT WARNING * * *
You feel better.
The orc wizard hits you but does no damage.
You closely miss the orc wizard. You slash the two-headed ogre!
You freeze the two-headed ogre. The two-headed ogre barely misses you.
The two-headed ogre hits you with a +0 giant club.
* * * LOW HITPOINT WARNING * * *
The orc wizard hits you but does no damage.
You slice the orc wizard!! You freeze the orc wizard.
You kill the orc wizard!
Trog accepts your kill.
Trog appreciates your killing of a magic user.
You closely miss the two-headed ogre. The two-headed ogre barely misses you.
The two-headed ogre hits you with a +0 giant club!
You die...

....#.....).......
.....
##...#.#...#o......
......
#.......#.##.###...
......##..###.....
.. ..
..................
.## .
........#.####....
o. ........#.# ....
o.
........#O##.#...
#.......@)......
###...)†#)##....
####<...# ..
##).#.... #.#..##[.
#.#.## #...# #.. #
....


You could see a two-headed ogre.

Vanquished Creatures
  An ugly thing (D:7)
  Sigmund (D:3)
  Menkaure (D:7)
  An acid dragon (D:4)
  A water moccasin (D:6)
  2 orc warriors
  An ice beast (D:5)
  2 black bears (D:6)
  2 phantoms (D:7)
  3 bullfrogs
  3 scorpions
  5 wights (D:7)
  3 killer bees
  A howler monkey (D:5)
  4 hounds (D:5)
  3 orc priests
  A jelly (D:5)
  4 orc wizards
  4 iguanas
  2 sleepcaps
  8 adders
  A shadow imp (D:7)
  4 white imps
  2 ufetubi
  2 worms
  2 dart slugs (D:2)
  19 orcs
  6 ball pythons
  6 endoplasms
  3 giant cockroaches
  6 goblins
  6 hobgoblins
  5 jackals (D:3)
  2 quokkas
  5 bats
  3 frilled lizards
  10 kobolds
  3 rats
138 creatures vanquished.

Notes
Turn   | Place    | Note
-------+----------+-------------------------------------------
     0 | D:1      | FishyPogo the Gargoyle Fighter began the quest for the Orb.
     0 | D:1      | Reached XP level 1. HP: 14/14 MP: 1/1
   244 | D:1      | Reached skill level 2 in Axes
   257 | D:1      | Reached XP level 2. HP: 16/19 MP: 2/2
   801 | D:2      | Reached XP level 3. HP: 23/23 MP: 3/3
  1248 | D:2      | Found a faded altar of an unknown god.
  1350 | D:2      | Reached XP level 4. HP: 28/29 MP: 4/4
  1568 | D:3      | Reached skill level 1 in Throwing
  1613 | D:3      | Noticed Sigmund
  1630 | D:3      | Killed Sigmund
  1631 | D:3      | Reached skill level 3 in Axes
  1631 | D:3      | Reached XP level 5. HP: 18/33 MP: 5/5
  1631 | D:3      | Reached XP level 6. HP: 21/38 MP: 6/6
  1806 | D:3      | Found an iron altar of Okawaru.
  2300 | D:4      | Found a large runed translucent door.
  2300 | D:4      | Found a large runed translucent door.
  2343 | D:4      | Found the amulet of the Four Winds {rN+ Will+++ Clar}
  2344 | D:4      | Found a large runed translucent door.
  2344 | D:4      | Found a large runed translucent door.
  2614 | D:4      | Reached skill level 4 in Axes
  2625 | D:4      | Noticed an acid dragon
  2635 | D:4      | Killed an acid dragon
  2636 | D:4      | Reached XP level 7. HP: 29/44 MP: 7/7
  2969 | D:5      | Entered Level 5 of the Dungeon
  3112 | D:5      | Reached skill level 1 in Evocations
  3400 | D:5      | Found a shadowy altar of Dithmenos.
  3407 | D:5      | Reached skill level 5 in Armour
  3411 | D:5      | Reached skill level 5 in Fighting
  3417 | D:5      | Reached XP level 8. HP: 21/49 MP: 8/8
  3420 | D:5      | Reached skill level 5 in Shields
  3421 | D:5      | Reached skill level 5 in Axes
  3692 | D:5      | Found Zin's Purification Station.
  3697 | D:5      | Found a glowing silver altar of Zin.
  4877 | D:7      | Reached XP level 9. HP: 45/55 MP: 9/9
  4930 | D:7      | Reached skill level 6 in Axes
  5089 | D:7      | Noticed Menkaure
  5098 | D:7      | Killed Menkaure
  5236 | D:7      | HP: 2/55 [wight/+1 battleaxe of freezing (4)]
  5488 | D:7      | Found a staircase to the Ecumenical Temple.
  5497 | Temple   | Entered the Ecumenical Temple
  5564 | Temple   | Became a worshipper of Trog the Wrathful
  5649 | D:7      | Noticed a troll
  5651 | D:7      | Found a burning altar of Makhleb.
  5651 | D:7      | Noticed a tengu warrior
  5652 | D:7      | Found a transporter.
  5653 | D:7      | Found an opulent altar of Gozag.
  5659 | D:7      | Found a transporter.
  5789 | D:7      | Noticed a green ugly thing
  5796 | D:7      | Killed a green ugly thing
  5992 | D:8      | Noticed a two-headed ogre
  6039 | D:8      | Reached skill level 7 in Axes
  6049 | D:8      | Slain by a two-headed ogre

Illustrated notes

Levels and vault maps discovered:
D:1:      lemuel_arrival_rhombus, layout_basic, chequers_serial_rivers_micro_b,
          nrook_loot_triangle
D:2:      layout_basic, ebering_ecumenical_altar_mist, minmay_pentomino_z2
D:3:      layout_basic, okawaru_trees_1, uniq_sigmund
D:4:      layout_rooms, minmay_hollow_rounded_squares
D:5:      layout_basic, zin_purify, old_standard_altar
D:6:      layout_loops_ring
D:7:      kennysheep_six_static_rooms, layout_basic,
          gammafunk_temple_overflow_arena, minmay_temple_entry_large_hall,
          uniq_menkaure
D:8:      layout_rooms, uniq_joseph
Temple:   eino_temple_water

Skill      XL: |  1  2  3  4  5  6  7  8  9 |
---------------+----------------------------+-----
Axes           | 2 3 4 5 7 |  7.0
Throwing       | 1 2 3 4 |  4.4
Fighting       | 4 5 6 |  6.5
Armour         | 4 5 6 |  6.5
Shields        | 4 5 6 |  6.1
Evocations     | 1 2 3 |  3.6

Action                     |  1- 3 |  4- 6 |  7- 9 || total
---------------------------+-------+-------+-------++-------
  Melee: War axe           |    52 |     6 |       ||    58
         Hand axe          |       |   101 |   200 ||   301
         Battleaxe         |       |       |    34 ||    34
  Throw: Stone             |    13 |     5 |    10 ||    28
  Evoke: Phial of floods   |       |       |     1 ||     1
    Use: Scroll            |       |       |     4 ||     4
         Potion            |       |       |     3 ||     3
 Armour: Scale mail        |    22 |    44 |   113 ||   179
  Dodge: Dodged            |    22 |    44 |   153 ||   219
  Block: Buckler           |    19 |    41 |    42 ||   102
         Reflection        |     1 |     1 |       ||     2
